Map: Efflorescence LE

Players

Destructo - Winner!

  • Race: Terran Terran
  • Spawn Location: 12:00

Tūmatauenga - Winner!

  • Race: Zerg Zerg
  • League: Platinum
  • Spawn Location: 3:00

qqq

  • Race: Zerg Zerg
  • Spawn Location: 6:00

Massa

  • Race: Terran Terran
  • League: Gold
  • Spawn Location: 9:00

VOD

Have the link to the VOD?

Description

Time

  • Played on: July 2, 2020, 3:45 p.m.
  • Length: 22:28
Show
View Real Time Build Order
Export as new Build Order

Destructo Terran - Winner!

Build Orders: 2 Factory 

Get SALT Encoding   

  12  0:00  SCV  
  13  0:12  SCV  
  14  0:19  Supply Depot  
  14  0:25  SCV  
  15  0:43  Barracks  
  15  0:47  SCV  
  15  0:49  Supply Depot  
  16  0:54  Refinery  
  16  0:59  SCV  
  17  1:07  Refinery  
  17  1:16  SCV  
  18  1:28  SCV  
  18  1:30  Marine  
  20  1:40  SCV  
  21  1:48  Factory  
  21  1:52  SCV  
  22  2:09  Factory  
  22  2:10  Orbital Command  
  22  2:33  Factory Tech Lab  
  22  2:51  Siege Tank  
  22  2:54  Factory Tech Lab  
  25  3:09  Command Center  
  25  3:17  Siege Tank  
  28  3:20  Marine  
  29  3:27  Supply Depot  
  28  3:58  SCV  
  29  4:05  Siege Tank x2  
  35  4:10  SCV  
  35  4:13  Supply Depot  
  36  4:22  SCV  
  37  4:34  SCV  
  38  4:38  Supply Depot  
  38  4:56  SCV  
  39  5:01  Orbital Command  
  39  5:08  SCV  
  40  5:20  SCV  
  41  5:22  Siege Tank x2  
  47  5:32  SCV  
  48  5:44  SCV  
  49  5:54  Siege Tank x2  
  51  6:35  Siege Tank x2  
  53  7:05  SCV  
  53  7:06  SCV  
  55  7:18  SCV x2  
  57  7:30  SCV x2  
  53  7:42  SCV  
  48  7:46  SCV  
  48  7:47  Engineering Bay  
  48  7:50  Refinery  
  46  7:53  Refinery  
  46  7:54  SCV  
  47  7:58  SCV  
  48  8:06  SCV  
  48  8:11  SCV  
  50  8:16  Missile Turret  
  50  8:17  Missile Turret  
  50  8:20  Missile Turret  
  50  8:23  Missile Turret  
  50  8:25  Missile Turret  
  50  8:29  Missile Turret  
  50  8:32  Missile Turret  
  50  8:38  Armory, Missile Turret  
  50  8:39  Missile Turret  
  50  8:45  Missile Turret  
  50  8:46  Missile Turret  
  50  8:50  Missile Turret  
  47  8:55  Missile Turret  
  47  9:05  Factory  
  47  9:12  SCV x2  
  47  9:16  Missile Turret  
  49  9:24  SCV x2  
  49  9:26  Terran Vehicle Weapons Level 1  
  49  9:27  Armory, Thor  
  49  9:28  Thor  
  63  9:37  Supply Depot  
  63  9:38  Supply Depot  
  63  9:47  Smart Servos  
  63  9:49  Factory Tech Lab  
  63  9:59  Supply Depot  
  63  10:00  Command Center  
  63  10:01  Supply Depot  
  63  10:08  Thor  
  63  10:10  Thor  
  63  10:11  Thor  
  81  10:22  Supply Depot  
  81  10:24  Supply Depot  
  81  10:51  Thor  
  81  10:53  Thor  
  81  10:54  Terran Vehicle And Ship Armor Level 1  
  93  11:04  Thor  
  78  11:59  Thor x3  
  96  12:09  Supply Depot  
  96  12:12  Planetary Fortress  
  96  12:25  Terran Vehicle Weapons Level 2  
  96  12:32  Supply Depot  
  96  12:43  Missile Turret  
  96  12:51  Terran Vehicle And Ship Armor Level 2  
  96  12:53  Hellbat  
  96  12:54  Hellbat x2  
  102  13:04  Missile Turret  
  102  13:08  SCV x2  
  102  13:10  SCV  
  105  13:20  SCV x2  
  105  13:22  SCV, Missile Turret  
  105  13:24  Factory  
  108  13:28  Refinery  
  108  13:32  SCV x2  
  110  13:34  SCV  
  110  13:37  Refinery  
  110  13:40  Thor x2  
  123  13:44  SCV, Missile Turret  
  124  13:53  Thor  
  130  14:05  Missile Turret  
  130  14:10  Missile Turret  
  129  14:27  Missile Turret  
  122  14:50  Missile Turret  
  120  14:54  Thor x2  
  132  15:02  Factory Tech Lab  
  132  15:08  Command Center  
  132  15:12  Missile Turret  
  132  15:27  Hellbat  
  132  15:37  Hellbat  
  134  16:09  Hellbat  
  134  16:12  Thor  
  134  16:19  Thor x2  
  144  16:39  Thor  
  150  16:42  Supply Depot  
  150  16:44  Supply Depot  
  150  16:45  Supply Depot  
  150  16:48  Supply Depot x2  
  150  16:50  Supply Depot  
  150  16:57  Thor  
  156  17:23  Thor  
  160  18:08  Thor  
  166  19:08  Planetary Fortress  
  162  19:43  Thor x3  
  180  20:10  Factory Tech Lab  
  178  20:22  Command Center  
  178  20:26  Thor  
  184  20:45  Missile Turret  
  184  20:50  Missile Turret  
  184  21:06  Missile Turret  
  184  21:10  Missile Turret  
  184  21:15  Thor  
  190  21:27  Missile Turret  
  190  21:33  Missile Turret  
  190  21:40  Planetary Fortress  
  190  21:48  Missile Turret  
Show
View Real Time Build Order
Export as new Build Order

Tūmatauenga Zerg - Winner!

Build Orders: Hatch First 

Get SALT Encoding   

  12  0:01  Drone  
  13  0:08  Drone  
  14  0:17  Overlord  
  14  0:36  Drone x3  
  17  0:48  Drone  
  18  1:00  Drone  
  18  1:02  Hatchery  
  18  1:14  Spawning Pool  
  18  1:17  Drone  
  18  1:21  Extractor  
  18  1:24  Extractor, Drone  
  17  1:34  Drone  
  18  1:45  Drone  
  19  1:53  Drone  
  20  2:03  Queen  
  20  2:04  Overlord  
  22  2:14  Queen  
  24  2:23  Overlord  
  24  2:30  Metabolic Boost  
  24  2:34  Drone  
  25  2:47  Drone  
  25  2:48  Drone x2  
  28  3:01  Drone  
  29  3:06  Zergling x8  
  29  3:11  Drone  
  34  3:13  Drone  
  35  3:29  Zergling x4  
  37  3:35  Drone  
  37  3:36  Drone x5  
  37  3:37  Drone  
  44  4:01  Overlord x4  
  44  4:13  Overlord  
  44  4:18  Queen x2  
  44  4:20  Zergling x6  
  44  4:21  Zergling x2  
  52  4:30  Drone  
  52  4:31  Drone x3  
  56  4:35  Extractor  
  56  4:36  Extractor  
  54  4:39  Drone x4  
  54  4:42  Drone x2  
  59  5:01  Zergling x8  
  58  5:17  Zergling x8  
  62  5:27  Lair  
  62  5:33  Drone x3  
  64  6:06  Zergling x14  
  64  6:07  Zergling x6  
  67  6:29  Zergling x6  
  67  6:30  Zergling x10  
  72  6:36  Zergling x2  
  72  6:37  Zergling x2  
  72  7:05  Drone x3  
  72  7:06  Drone x5  
  80  7:08  Spire  
  80  7:11  Spire  
  75  7:39  Hydralisk Den  
  74  7:53  Hatchery  
  73  7:59  Spore Crawler  
  73  8:00  Spore Crawler x2  
  73  8:01  Spore Crawler  
  73  8:02  Spore Crawler  
  68  8:06  Spore Crawler  
  68  8:07  Hydralisk x2  
  68  8:08  Hydralisk x6  
  68  8:09  Spore Crawler  
  68  8:10  Overlord x2  
  68  8:11  Overlord x5  
  82  8:25  Hatchery  
  82  8:26  Hydralisk  
  70  8:54  Mutalisk x4  
  70  8:55  Mutalisk x6  
  83  9:05  Queen  
  83  9:15  Mutalisk x5  
  83  9:16  Mutalisk x2  
  95  9:21  Drone  
  96  9:32  Zerg Flyer Weapons Level 1  
  96  9:33  Zerg Flyer Armor Level 1  
  96  9:38  Drone x5  
  99  9:39  Drone x2, Queen  
  99  9:40  Queen  
  99  9:43  Overseer  
  107  9:46  Overseer  
  107  9:50  Pneumatized Carapace  
  107  10:03  Drone x4  
  107  10:04  Drone x6  
  117  10:09  Extractor  
  117  10:10  Extractor  
  117  10:11  Hatchery  
  117  10:13  Drone x4  
  118  10:16  Mutalisk x2  
  121  10:34  Mutalisk x2  
  121  10:35  Mutalisk x5  
  135  10:55  Hatchery  
  134  11:01  Extractor  
  133  11:09  Extractor, Mutalisk  
  133  11:10  Mutalisk  
  136  11:12  Overlord x6  
  136  11:13  Overlord x3  
  136  11:31  Mutalisk x2  
  136  11:32  Mutalisk x4  
  146  11:33  Mutalisk  
  150  11:45  Mutalisk  
  150  11:46  Mutalisk  
  149  11:54  Mutalisk x2  
  146  11:57  Drone x6  
  146  11:58  Drone  
  157  12:10  Mutalisk x2  
  161  12:21  Queen  
  163  12:30  Zerg Flyer Weapons Level 2  
  163  12:31  Zerg Flyer Armor Level 2  
  163  12:45  Mutalisk  
  163  12:46  Mutalisk x2  
  163  12:50  Drone x2  
  163  12:51  Drone x6  
  175  12:56  Queen  
  179  13:16  Mutalisk  
  179  13:17  Mutalisk x6  
  193  13:39  Mutalisk x4  
  164  14:19  Mutalisk  
  164  14:20  Mutalisk x6  
  164  14:21  Mutalisk  
  164  14:50  Mutalisk x3  
  164  14:52  Zergling x4  
  164  14:53  Zergling x14  
  164  14:54  Zergling x16  
  164  14:55  Zergling x14  
  164  14:56  Zergling x10  
  191  15:06  Drone x5  
  191  15:07  Drone  
  197  15:21  Drone x3  
  114  16:05  Mutalisk x6  
  114  16:06  Mutalisk x5  
  114  16:10  Mutalisk  
  113  16:12  Zergling x8  
  113  16:13  Zergling x8  
  113  16:35  Mutalisk x2  
  113  16:36  Hatchery  
  113  16:37  Zergling x4  
  113  16:38  Zergling x12  
  118  16:50  Zergling x2  
  118  16:51  Zergling x16  
  118  16:52  Zergling x4  
  125  16:55  Overseer x4  
  124  17:04  Mutalisk x2  
  111  17:19  Spore Crawler  
  111  17:20  Spore Crawler x5  
  111  17:22  Drone x5  
  96  17:23  Drone x7, Spore Crawler  
  96  17:24  Drone x2, Spore Crawler  
  95  17:43  Drone x5, Spore Crawler x2  
  95  17:44  Drone x4, Spore Crawler  
  89  17:48  Queen  
  92  17:58  Mutalisk x4  
  97  18:23  Queen  
  97  18:26  Zergling x8  
  97  18:27  Zergling x14  
  105  18:28  Zergling x4, Spore Crawler x2  
  105  18:31  Drone  
  105  18:32  Queen, Spore Crawler  
  111  18:55  Mutalisk x2  
  111  18:56  Mutalisk x3  
  111  18:59  Queen  
  123  19:07  Queen  
  125  19:16  Hatchery  
  124  19:21  Drone x3  
  124  19:22  Drone x7, Extractor  
  124  19:23  Drone x4  
  137  19:30  Spore Crawler  
  136  19:31  Extractor  
  136  19:32  Spore Crawler x3  
  136  19:34  Mutalisk  
  136  19:35  Mutalisk x3  
  134  20:08  Mutalisk x3  
  131  20:21  Mutalisk  
  131  20:22  Mutalisk  
  135  20:33  Queen  
  137  20:53  Mutalisk  
  137  20:54  Mutalisk x4  
  141  21:09  Queen  
  137  21:21  Mutalisk x4  
  137  21:22  Mutalisk  
  147  21:28  Overlord x3  
  147  21:42  Mutalisk x3  
  147  21:43  Mutalisk  
  147  21:45  Queen  
  157  21:50  Mutalisk x6  
  157  21:51  Mutalisk x2  
  157  21:52  Mutalisk  
  181  22:27  Hatchery  
Show
View Real Time Build Order
Export as new Build Order

qqq Zerg 

Build Orders: Hatch First 

Get SALT Encoding   

  12  0:03  Drone  
  13  0:33  Hatchery  
  12  0:46  Drone x2  
  12  0:49  Overlord  
  14  0:56  Extractor  
  13  0:58  Drone  
  14  1:11  Drone  
  15  1:23  Drone  
  16  1:27  Spawning Pool  
  15  1:34  Drone  
  16  1:41  Drone  
  17  1:51  Drone  
  18  2:01  Drone  
  18  2:02  Drone  
  18  2:05  Drone  
  21  2:17  Drone  
  21  2:22  Drone  
  23  2:27  Metabolic Boost  
  23  2:30  Zergling x2  
  23  2:33  Drone  
  26  2:37  Drone  
  26  2:40  Hatchery  
  25  2:48  Zergling x4  
  25  2:49  Drone  
  28  2:55  Overlord  
  28  2:56  Overlord  
  28  3:08  Baneling Nest  
  28  3:11  Zergling x2  
  28  3:13  Drone, Queen  
  28  3:15  Drone  
  28  3:19  Zergling x2  
  33  3:25  Queen  
  35  3:27  Drone  
  35  3:30  Zergling x2  
  37  3:36  Drone  
  38  3:43  Zergling x2  
  38  3:44  Drone  
  40  3:52  Drone  
  40  3:53  Zergling x2  
  42  3:58  Zergling x2  
  42  3:59  Zergling x2  
  44  4:10  Baneling x6  
  44  4:16  Zergling x2  
  45  4:17  Drone, Zergling x4  
  45  4:18  Drone  
  45  4:22  Lair  
  49  4:27  Drone  
  49  4:29  Overlord  
  49  4:31  Overlord  
  50  4:35  Hatchery  
  50  4:38  Zergling x2  
  50  4:48  Spore Crawler  
  49  4:58  Hatchery  
  49  5:02  Drone x5  
  49  5:03  Zergling x6  
  55  5:13  Drone  
  57  5:14  Drone x5  
  57  5:15  Zergling x6  
  57  5:18  Extractor  
  63  5:22  Spire  
  63  5:23  Extractor  
  61  5:34  Extractor, Drone  
  61  5:35  Drone x2, Overlord  
  63  5:40  Spine Crawler  
  58  5:43  Spine Crawler  
  48  6:01  Zergling x10  
  49  6:09  Spine Crawler  
  49  6:10  Zergling x6  
  50  6:18  Drone x2  
  46  6:42  Zergling x4  
  46  6:43  Drone x2, Mutalisk x2, Zergling x2  
  49  6:56  Mutalisk x3  
  55  7:03  Drone x3, Mutalisk  
  60  7:18  Mutalisk x2  
  60  7:19  Overlord  
  61  7:33  Mutalisk  
  61  7:35  Overlord x2  
  63  7:37  Drone  
  63  7:38  Drone x2  
  63  7:39  Mutalisk  
  63  7:40  Zergling x2  
  69  8:13  Hatchery, Zergling x6  
  69  8:18  Hatchery  
  70  8:39  Hatchery  
  70  8:40  Hatchery  
  63  8:43  Hatchery  
  58  8:52  Mutalisk x6  
  70  9:18  Mutalisk x4  
  79  9:39  Drone x2  
  79  9:42  Mutalisk x3  
  87  9:47  Hatchery  
  86  9:54  Drone  
  86  9:55  Mutalisk, Infestation Pit  
  86  9:57  Zergling x2  
  86  9:58  Drone x3  
  86  9:59  Drone x2  
  94  10:03  Spine Crawler  
  94  10:04  Spine Crawler  
  94  10:07  Drone x3  
  94  10:13  Zerg Flyer Weapons Level 1  
  94  10:14  Mutalisk  
  95  10:15  Overlord x3  
  97  10:30  Spore Crawler x2  
  97  10:34  Mutalisk x2  
  99  10:36  Zergling x2  
  99  10:37  Zergling x6  
  99  10:38  Drone x4  
  99  10:39  Drone x3  
  110  10:44  Spine Crawler  
  109  10:52  Spore Crawler  
  109  10:53  Drone x4  
  112  10:57  Spine Crawler  
  112  11:01  Spore Crawler  
  110  11:09  Mutalisk  
  110  11:10  Mutalisk, Spore Crawler  
  113  11:13  Drone x2  
  113  11:15  Drone  
  116  11:21  Drone x3  
  116  11:22  Spore Crawler  
  116  11:24  Overlord  
  118  11:27  Mutalisk  
  118  11:30  Mutalisk  
  118  11:32  Mutalisk  
  122  11:34  Drone  
  87  11:59  Drone x4, Spore Crawler x2  
  87  12:00  Drone x4  
  87  12:01  Spine Crawler, Spore Crawler  
  92  12:03  Spore Crawler  
  92  12:05  Spore Crawler x2  
  92  12:06  Drone, Spine Crawler  
  92  12:07  Spine Crawler, Zerg Flyer Armor Level 1  
  92  12:08  Drone  
  88  12:14  Mutalisk  
  88  12:15  Mutalisk  
  92  12:18  Mutalisk  
  92  12:19  Mutalisk  
  96  12:25  Drone x3  
  96  12:26  Drone  
  99  12:36  Drone x2  
  99  12:37  Drone  
  97  12:44  Hive  
  97  12:48  Drone x4  
  97  12:49  Drone x6  
  107  12:52  Mutalisk  
  107  12:56  Mutalisk  
  107  12:57  Mutalisk  
  113  12:59  Mutalisk  
  115  13:06  Spore Crawler  
  115  13:07  Spore Crawler  
  115  13:08  Spore Crawler  
  112  13:13  Spore Crawler x2  
  112  13:14  Drone, Spore Crawler  
  112  13:17  Spore Crawler  
  112  13:19  Drone x2  
  112  13:20  Drone x3  
  112  13:21  Drone  
  112  13:24  Mutalisk  
  117  13:28  Extractor  
  116  13:38  Mutalisk  
  116  13:39  Mutalisk x2  
  118  13:44  Spore Crawler  
  118  13:45  Spore Crawler  
  118  13:47  Spore Crawler x2  
  108  13:48  Spore Crawler  
  108  13:49  Drone x3  
  108  13:50  Drone x2  
  108  14:13  Mutalisk x2  
  108  14:14  Mutalisk x2  
  108  14:15  Drone x3  
  108  14:16  Drone  
  90  14:49  Viper x2  
  92  14:53  Drone x6  
  92  14:56  Spore Crawler  
  92  14:57  Spore Crawler  
  96  15:04  Spore Crawler  
  96  15:05  Spore Crawler  
  96  15:06  Spore Crawler  
  96  15:07  Viper  
  93  15:13  Mutalisk  
  97  15:19  Drone  
  89  15:34  Hatchery  
  86  15:50  Mutalisk x5  
  86  15:52  Drone x3  
  99  16:03  Mutalisk  
  83  16:04  Drone  
  83  16:11  Zergling x4  
  78  16:17  Drone  
  78  16:18  Zergling x4  
  81  16:31  Hatchery  
  80  16:33  Hatchery  
  80  16:36  Hatchery  
  80  16:38  Zergling x8  
  78  16:48  Zergling x4  
  78  16:49  Drone x2  
  78  16:50  Zergling x4  
  84  17:06  Mutalisk x4  
  94  17:08  Drone x3  
  80  17:37  Mutalisk x4  
  86  17:50  Mutalisk x2  
  86  17:51  Mutalisk  
  82  17:52  Drone x4  
  82  17:58  Drone  
  69  18:19  Drone x2  
  71  18:23  Mutalisk x3  
  69  19:03  Mutalisk  
  69  19:04  Mutalisk  
  64  19:49  Hatchery  
  57  20:05  Corruptor x3  
  63  20:08  Greater Spire  
  63  20:45  Hatchery  
  62  20:57  Mutalisk  
  44  21:33  Zergling x2  
Show
View Real Time Build Order
Export as new Build Order

Massa Terran 

Build Orders:  

Get SALT Encoding   

  12  0:04  SCV  
  13  0:15  Supply Depot  
  13  0:18  SCV  
  14  0:30  SCV  
  15  0:39  Barracks  
  15  0:42  SCV  
  16  0:50  Refinery  
  16  0:54  SCV  
  17  1:01  Refinery  
  17  1:10  SCV  
  17  1:39  Reaper, Supply Depot  
  18  1:44  SCV  
  19  2:00  Orbital Command  
  19  2:11  Reaper  
  20  2:17  Factory  
  20  2:28  SCV  
  21  2:59  SCV  
  21  3:04  Supply Depot  
  21  3:05  Engineering Bay  
  22  3:06  Factory Tech Lab  
  22  3:11  SCV  
  23  3:19  Command Center  
  23  3:38  SCV  
  23  3:50  SCV  
  23  3:52  Supply Depot  
  23  3:53  Marine  
  23  3:55  Siege Tank  
  28  4:02  SCV  
  29  4:10  Missile Turret  
  29  4:12  Barracks Tech Lab  
  29  4:14  SCV  
  30  4:17  Supply Depot  
  30  4:26  SCV  
  30  4:27  Siege Tank  
  34  4:35  SCV  
  34  4:38  SCV, Barracks  
  36  4:47  SCV  
  36  4:49  Starport  
  36  4:50  SCV  
  38  5:00  SCV  
  38  5:02  SCV  
  39  5:07  Terran Infantry Armor Level 1  
  39  5:10  Stimpack  
  39  5:11  Marauder  
  39  5:12  SCV  
  42  5:22  Missile Turret  
  42  5:27  Starport, Medivac  
  44  5:32  Orbital Command, Marauder  
  46  5:36  SCV  
  47  5:50  Barracks Tech Lab  
  47  6:14  Marauder x2  
  42  6:35  Marauder  
  42  6:36  Marauder  
  42  6:37  Siege Tank  
  49  6:45  Medivac  
  51  6:56  Marine  
  51  6:57  Marauder  
  54  7:09  Siege Tank  
  54  7:10  Combat Shield  
  54  7:15  Marauder  
  59  7:18  Marauder  
  59  7:40  Barracks x2  
  59  7:43  Supply Depot  
  59  7:44  Supply Depot x2  
  59  7:48  Barracks Tech Lab  
  59  7:49  Bunker  
  59  8:07  Supply Depot  
  59  8:09  Supply Depot  
  59  8:10  Supply Depot  
  59  8:13  Terran Infantry Weapons Level 1  
  59  8:17  Armory  
  59  8:23  Refinery  
  59  8:29  Marauder  
  59  8:30  Barracks  
  59  8:31  Marauder  
  59  8:33  Supply Depot  
  55  8:36  Supply Depot  
  53  8:48  Command Center  
  49  8:50  Marauder  
  49  8:52  Marauder  
  48  8:57  SCV, Supply Depot  
  48  8:58  SCV  
  50  9:09  SCV  
  50  9:10  SCV  
  50  9:12  Marauder  
  50  9:13  Siege Tank  
  50  9:14  Marauder  
  50  9:16  Supply Depot  
  53  9:21  SCV  
  53  9:22  SCV  
  55  9:26  Barracks Reactor, Barracks Tech Lab  
  55  9:33  SCV, Marauder  
  55  9:34  SCV  
  55  9:35  Marauder  
  61  9:40  Medivac, Supply Depot  
  61  9:45  SCV, Concussive Shells, Siege Tank  
  66  9:46  SCV  
  66  9:51  Starport Tech Lab  
  68  9:55  Marauder  
  68  9:56  Marauder  
  68  9:58  SCV x2  
  74  10:00  Terran Vehicle Weapons Level 1  
  74  10:03  Supply Depot  
  74  10:09  Refinery  
  74  10:10  SCV x2  
  74  10:11  Barracks Tech Lab  
  74  10:13  Marauder, Marine x2  
  80  10:16  Marauder  
  80  10:18  Marauder  
  80  10:20  Refinery  
  84  10:22  SCV x2  
  84  10:24  Refinery  
  84  10:28  Command Center, Supply Depot  
  86  10:30  Marine  
  86  10:31  Widow Mine, Marine  
  86  10:34  Marauder  
  92  10:37  Marauder  
  92  10:39  Marine  
  95  10:48  Marine x2  
  95  10:49  Missile Turret  
  97  10:52  Widow Mine  
  97  10:55  Marine  
  97  10:56  Marine, Missile Turret  
  101  10:58  Marine  
  101  11:02  Missile Turret x2  
  102  11:05  Missile Turret  
  102  11:06  Marine x2  
  102  11:08  Missile Turret  
  104  11:14  Widow Mine  
  104  11:16  Factory  
  104  11:17  Missile Turret  
  106  11:25  Missile Turret  
  106  11:29  Missile Turret  
  106  11:35  Widow Mine  
  106  11:38  Missile Turret  
  78  11:51  Missile Turret  
  78  11:53  SCV x4  
  76  11:57  Widow Mine  
  76  12:00  Missile Turret  
  78  12:05  SCV x3  
  81  12:09  Orbital Command  
  81  12:17  SCV x3  
  81  12:19  Factory Reactor  
  81  12:21  Missile Turret  
  84  12:24  Siege Tank  
  84  12:26  Marauder x2  
  84  12:27  Marauder x2, Marine x2  
  84  12:29  SCV  
  98  12:45  Marine x2  
  98  12:47  Marine  
  98  12:48  Marauder x2, Marine  
  106  12:55  Orbital Command  
  106  12:56  Factory, Siege Tank  
  106  12:58  Missile Turret  
  109  13:02  Refinery  
  109  13:03  Marine x2  
  111  13:05  Marine x2  
  111  13:09  Marine x2  
  117  13:13  Widow Mine x2  
  117  13:19  Missile Turret  
  119  13:20  Marine  
  119  13:21  Marine  
  119  13:23  Marine x2  
  119  13:26  Marine  
  124  13:27  Thor  
  124  13:28  Missile Turret  
  132  13:34  Widow Mine x2  
  132  13:39  Missile Turret  
  132  13:40  Missile Turret  
  134  13:41  Missile Turret  
  134  13:44  Missile Turret  
  134  13:49  Missile Turret  
  134  13:54  Factory Tech Lab  
  136  13:55  Widow Mine  
  136  13:56  Widow Mine  
  136  13:59  Missile Turret  
  138  14:03  Sensor Tower  
  138  14:11  Missile Turret  
  140  14:17  Widow Mine x2  
  122  14:31  Missile Turret  
  95  14:40  Marauder x3  
  95  14:41  Marauder, Marine  
  95  14:42  Marine  
  95  14:44  Thor x2  
  112  14:59  Marine  
  113  15:00  Marine  
  113  15:01  Marauder  
  113  15:02  Marauder x3  
  122  15:16  Sensor Tower  
  122  15:17  Marine  
  122  15:18  Marine  
  124  15:23  Marauder x3  
  124  15:24  Marauder  
  132  15:35  Marine x2  
  120  15:44  Marauder x2  
  120  15:45  Marauder x2  
  120  15:53  Marine x2  
  106  16:06  Marauder x4  
  106  16:08  Thor  
  106  16:11  Marine x2  
  96  16:18  Medivac  
  71  16:27  Marauder x2  
  71  16:28  Marauder, Marine  
  71  16:29  Marine  
  72  16:38  Command Center  
  62  16:41  Terran Infantry Armor Level 2  
  60  16:49  Marauder x3  
  68  16:57  Marine  
  68  16:58  Marine  
  64  17:10  Marauder  
  64  17:15  Marine  
  63  17:27  Marine  
  60  17:31  Marauder  
  60  17:33  Marine  
  61  17:45  Marine  
  61  17:51  Marine  
  60  17:53  Marauder  
  57  18:03  Factory, Marine  
  58  18:09  Marine, Command Center  
  60  18:12  SCV  
  60  18:13  SCV  
  60  18:14  Marauder  
  60  18:17  Bunker  
  60  18:18  SCV  
  64  18:21  Marine  
  64  18:25  SCV x2  
  67  18:35  Marine  
  67  18:36  Marauder  
  67  18:37  SCV x2  
  72  18:48  Bunker  
  72  18:49  SCV x2  
  74  18:57  Marauder  
  74  18:58  Factory Tech Lab  
  74  19:01  SCV x2  
  74  19:02  Liberator  
  81  19:05  Starport Tech Lab  
  81  19:19  Bunker  
  81  19:20  SCV x3  
  81  19:21  SCV  
  84  19:32  SCV x3  
  84  19:37  Planetary Fortress  
  81  19:41  Missile Turret  
  81  19:44  SCV x2, Missile Turret x2  
  81  19:45  Liberator  
  86  19:46  Missile Turret x2  
  84  19:56  SCV x2  
  86  20:02  Missile Turret  
  86  20:07  Command Center  
  82  20:24  Marauder  
  82  20:25  Marine x2  
  86  20:32  SCV x2  
  88  20:43  Marine  
  88  20:44  SCV x2  
  88  20:45  Marauder  
  93  20:52  Marine  
  94  21:00  Marine  
  95  21:07  Marauder  
  95  21:10  Marine  
  98  21:12  Orbital Command  
  98  21:13  SCV  
  98  21:14  SCV  
  100  21:25  SCV  
  100  21:26  SCV  
  100  21:28  Marauder  
  100  21:29  Liberator  
  107  21:37  SCV x2  
  107  21:38  SCV x2  
  111  21:49  SCV x2  
  111  21:50  SCV x2, Marauder  
  91  22:01  SCV  
  91  22:02  SCV  
  91  22:06  Marine  
  91  22:07  Marine  
Tags
 
Add a new tag
Caveats
  • Supply blocks, unpowered buildings, or Contaminate may cause inaccurate times.
  • Supply counts are checked every 10 seconds.